 Dungeon Crawl Stone Soup version 0.22-a0-422-g9628fc8 (webtiles) character file.

483 Borgoz the Skirmisher (level 7, 0/44 HPs)
             Began as a Gargoyle Fighter on May 21, 2018.
             Was a Follower of the Shining One.
             Slain by Borgoz's ghost (11 damage)
             ... on level 5 of the Dungeon.
             The game lasted 00:03:13 (3462 turns).

Borgoz the Skirmisher (Gargoyle Fighter)            Turns: 3462, Time: 00:03:14

Health: 0/44       AC: 12    Str: 25    XL:     7   Next: 12%
Magic:  7/7        EV: 11    Int:  8    God:    the Shining One [*.....]
Gold:   271        SH:  0    Dex: 11    Spells: 6/6 levels left

rFire    . . .     SeeInvis .   a - +0 flail
rCold    . . .     Gourm    .   (no shield)
rNeg     + . .     Faith    .   b - +0 scale mail
rPois    ∞         Spirit   .   (no helmet)
rElec    +         Reflect  .   (no cloak)
rCorr    .         Harm     .   (no gloves)
MR       .....                  (no boots)
Stlth    ..........             (no amulet)
HPRegen  0.14/turn              (no ring)
MPRegen  0.10/turn              (no ring)

@: mighty, glowing
A: negative energy resistance 1, electricity resistance, unbreathing,
petrification resistance, rot immunity, AC +4
a: Renounce Religion


You were on level 5 of the Dungeon.
You worshipped the Shining One.
The Shining One was aware of your devotion.
You were not hungry.

You visited 1 branch of the dungeon, and saw 5 of its levels.

You collected 271 gold pieces.

Inventory:

Hand Weapons
 a - a +0 flail (weapon)
Armour
 b - a +0 scale mail (worn)
 c - a +0 shield
Wands
 n - a wand of acid (11)
Scrolls
 h - 3 scrolls of remove curse
 i - 3 scrolls of identify {unknown}
 l - 3 scrolls of magic mapping {unknown}
 m - 3 scrolls of teleportation {unknown}
 o - 2 scrolls of amnesia {unknown}
 p - 2 scrolls of enchant armour {unknown}
 q - a scroll of enchant weapon {unknown}
 s - a scroll of fear {unknown}
Potions
 e - a potion of cancellation {unknown}
 g - a potion of haste
 j - a potion of lignification {unknown}
 k - 3 potions of curing {unknown}
 r - a potion of resistance {unknown}
Comestibles
 f - 11 rations
 t - 4 chunks of flesh


   Skills:
 + Level 4.8 Fighting
 + Level 3.7 Maces & Flails
 + Level 4.8 Armour
 * Level 3.5 Dodging
 - Level 3.2 Shields


You had 6 spell levels left.
You didn't know any spells.
Your spell library was empty.

Dungeon Overview and Level Annotations

Branches:
Dungeon (5/15)
 Temple: D:4-7

Altars:
Sif Muna
Trog
The Shining One

Annotations:
D:5 Borgoz's ghost, novice GrFi


Innate Abilities, Weirdness & Mutations

You are resistant to torment.
Your stone body is resilient. (AC +4)
You are immune to poison.
You resist negative energy. (rN+)
You are resistant to electric shocks. (rElec)
You can survive without breathing.
You are immune to petrification.
You are immune to rotting.


Message History

Borgoz's ghost is heavily damaged.
Borgoz's ghost hits you!
You barely miss Borgoz's ghost.
Borgoz's ghost is heavily damaged.
Borgoz's ghost hits you!
You hit Borgoz's ghost but do no damage.
Borgoz's ghost is heavily damaged.
Borgoz's ghost hits you but does no damage.
You barely miss Borgoz's ghost.
Borgoz's ghost is heavily damaged.
Borgoz's ghost hits you but does no damage.
Borgoz's ghost hits you.
* * * LOW HITPOINT WARNING * * *
You hit Borgoz's ghost.
Borgoz's ghost is heavily damaged.
Borgoz's ghost hits you but does no damage.
You hit Borgoz's ghost.
Borgoz's ghost is severely damaged.
Borgoz's ghost hits you!
You die...

#.........# #.#
#..######.###.#
#......#.######
###.######......#
#.#.##...######.#
#.#..#.#.# #.##.#
#.##.#.#.# #....#
#....#.#.# #.####
######@#.###.#
#W#.#...#
#h#.#.###
#.#.....#
#.###.#.# #.#
#.#.# #.# #.# #
.S..#. #.# #.#
)..#. #.# #.#


You could see a hound and Borgoz's ghost.

Vanquished Creatures
  Eustachio (D:4)
  A steam dragon (D:4)
  An orc priest (D:3)
  An orc wizard (D:4)
  2 worker ants (D:4)
  3 adders
  An adder zombie (D:5)
  2 dart slugs
  4 leopard geckos
  6 orcs
  3 ball pythons
  7 giant cockroaches
  4 goblins
  3 hobgoblins
  5 jackals
  5 kobolds
  3 quokkas
  A bat (D:1)
  7 frilled lizards
  8 rats
68 creatures vanquished.

Notes
Turn   | Place    | Note
-------+----------+-------------------------------------------
     0 | D:1      | Borgoz the Gargoyle Fighter began the quest for the Orb.
     0 | D:1      | Reached XP level 1. HP: 14/14 MP: 1/1
   173 | D:1      | Reached XP level 2. HP: 19/19 MP: 2/2
   423 | D:1      | Reached skill level 1 in Dodging
   711 | D:2      | Reached XP level 3. HP: 18/23 MP: 3/3
   717 | D:2      | Found a glowing golden altar of the Shining One.
   733 | D:2      | Became a worshipper of the Shining One
  1285 | D:2      | Found a bloodstained altar of Trog.
  1410 | D:2      | Found a deep blue altar of Sif Muna.
  1710 | D:3      | Reached XP level 4. HP: 20/29 MP: 4/4
  2274 | D:3      | Reached XP level 5. HP: 31/33 MP: 5/5
  2557 | D:4      | Noticed Eustachio
  2583 | D:4      | Killed Eustachio
  2583 | D:4      | Reached XP level 6. HP: 35/39 MP: 6/6
  2806 | D:4      | Reached * piety under the Shining One
  3019 | D:4      | Noticed a steam dragon
  3028 | D:4      | Killed a steam dragon
  3028 | D:4      | Reached XP level 7. HP: 31/44 MP: 7/7
  3352 | D:5      | Entered Level 5 of the Dungeon
  3433 | D:5      | Noticed Borgoz's ghost (novice GrFi)
  3462 | D:5      | Slain by Borgoz's ghost

Vault maps used:
D:1:      dpeg_arrival_simpleton_a
D:2:      minmay_door_path, marbit_many_paths, tso_metal_star, led_sif_pool
D:3:      first_ration
D:4:      minmay_stone_trees_small, nrook_uturn, uniq_eustachio
D:5:      cheibrodos_helix_gallery, enter_ossuary_5, portal_sewer_entry_a,
          uniq_pikel

Skill      XL: |  1  2  3  4  5  6 |
---------------+-------------------+-----
Dodging        | 1 2 3 |  3.5
Fighting       | 4 |  4.8
Armour         | 4 |  4.8
Maces & Flails | 3 |  3.7
Shields        | |  3.2

Action                   |  1- 3 |  4- 6 |  7- 9 || total
-------------------------+-------+-------+-------++-------
Melee: Flail             |   111 |    77 |    19 ||   207
  Use: Scroll            |       |       |     1 ||     1
       Potion            |       |       |     1 ||     1
  Eat: Chunk             |     3 |     4 |     1 ||     8
Armor: Scale mail        |    66 |    45 |     8 ||   119
Dodge: Dodged            |    75 |    36 |     8 ||   119

Table legend:
 A = Spawn XP
 B = Non-spawn XP
 C = Spawn XP percentage of total XP
 D = Spawn monster count
 E = Non-spawn monster count
 F = Spawn count percentage of total count
 G = Total turns spent on level
                    A         B        C        D         E        F      G
               +---------+---------+-------+---------+---------+-------+---------
         Total |       0 |     691 |   0.0 |       0 |      68 |   0.0 |  3462
               +---------+---------+-------+---------+---------+-------+---------
           D:1 |       0 |      25 |   0.0 |       0 |      15 |   0.0 |   528
           D:2 |       0 |      53 |   0.0 |       0 |      18 |   0.0 |  1159
           D:3 |       0 |      92 |   0.0 |       0 |      20 |   0.0 |   873
           D:4 |       0 |     516 |   0.0 |       0 |      14 |   0.0 |   792
           D:5 |       0 |       5 |   0.0 |       0 |       1 |   0.0 |   110
               +---------+---------+-------+---------+---------+-------+---------
